 Dungeon Sprint DCSS version 0.27-a0-1140-g099f9bb0e8 (webtiles) character file.

Game seed: 7965167588725178683

40 Zeld the Caller (level 3, -3/23 HPs)
             Began as an Octopode Summoner on May 8, 2021.
             Was a Follower of Sif Muna.
             Slain by a spriggan
             ... wielding a +0 dagger
              (15 damage)
             ... in the Dungeon (Sprint V: "Ziggurat Sprint").
             The game lasted 00:01:47 (807 turns).

Zeld the Caller (Octopode Summoner)                  Turns: 807, Time: 00:01:48

Health: -3/23      AC:  1    Str: 20    XL:     3   Next: 50%
Magic:  2/9        EV: 14    Int: 29    God:    Sif Muna [*.....]
Gold:   0          SH:  0    Dex: 24    Spells: 5/11 levels left

rFire    . . .     SeeInvis .   r - +5 broad axe
rCold    . . .     Faith    .   (no shield)
rNeg     . . .     Spirit   .   (helmet restricted)
rPois    .         Reflect  .   (no amulet)
rElec    .         Harm     .   z - +6 ring of intelligence
rCorr    .         Rampage  .   y - +6 ring of intelligence
Will     .....     NoTele   +   A - +6 ring of strength
Stlth    ++++......             x - +6 ring of dexterity
HPRegen  0.07/turn              w - +6 ring of dexterity
MPRegen  0.11/turn              (no ring)
                                B - +6 ring of strength
                                (no ring)

@: no status effects
A: almost no armour, amphibious, 8 rings, camouflage 1, gelatinous body 1,
(nimble swimmer 1), tentacles
a: Renounce Religion, Channel Magic


You were in the Dungeon.
You worshipped Sif Muna.
Sif Muna was aware of your devotion.
You visited 1 branch

Inventory:

Hand Weapons
 r - a +5 broad axe (weapon)
Armour
 a - a +3 tower shield
Jewellery
 w - a +6 ring of dexterity (on tentacle)
 x - a +6 ring of dexterity (on tentacle)
 y - a +6 ring of intelligence (right tentacle)
 z - a +6 ring of intelligence (left tentacle)
 A - a +6 ring of strength (on tentacle)
 B - a +6 ring of strength (on tentacle)
Wands
 s - a wand of mindburst (7)
 t - a wand of iceblast (7)
 u - a wand of acid (7)
Scrolls
 g - 4 scrolls of blinking
 h - 4 scrolls of amnesia
 i - 7 scrolls of fog
 j - a scroll of holy word
 k - 5 scrolls of identify
 l - 2 scrolls of fear
Potions
 b - 10 potions of curing
 c - 10 potions of heal wounds
 d - 6 potions of haste
 e - 7 potions of magic
 f - 3 potions of berserk rage
 m - 2 potions of brilliance
 n - 2 potions of invisibility
 o - 4 potions of resistance
 q - 5 potions of might
Miscellaneous
 C - a lightning rod (4/4)


   Skills:
 + Level 1.5 Fighting
 + Level 2.7 Dodging
 - Level 2.6 Stealth
 + Level 4.6 Spellcasting
 * Level 7.8 Summonings


You had 5 spell levels left.
You knew the following spells:

 Your Spells              Type           Power      Damage    Failure   Level
a - Summon Small Mammal   Summ           100%       N/A       1%          1
b - Call Imp              Summ           51%        N/A       1%          2
c - Call Canine Familiar  Summ           51%        N/A       1%          3

Your spell library contained the following spells:

 Spells                   Type           Power      Damage    Failure   Level
 Summon Guardian Golem    Hex/Summ       29%        N/A       3%          3
 Poisonous Vapours        Pois/Air       12%        N/A       10%         2
 Summon Ice Beast         Ice/Summ       29%        N/A       13%         4
 Summon Lightning Spire   Summ/Air       29%        N/A       13%         4
 Conjure Flame            Conj/Fire      6%         6-21      19%         3
 Mephitic Cloud           Conj/Pois/Air  6%         N/A       19%         3
 Freezing Cloud           Conj/Ice/Air   3%         6-21      100%        6


Dungeon Overview and Level Annotations

Branches:
Dungeon (1/1)

Altars:
Ashenzari
Cheibriados
Dithmenos
Elyvilon
Fedhas
Gozag
Hepliaklqana
Kikubaaqudgha
Makhleb
Nemelex Xobeh
Okawaru
Qazlal
Ru
Sif Muna
Trog
Uskayaw
Vehumet
Wu Jian
Xom
Yredelemnul
Zin
The Shining One
Beogh
Jiyva
Lugonu

Annotations:
D 1 transporter


Innate Abilities, Weirdness & Mutations

You cannot wear most types of armour.
You are amphibious.
You can wear up to eight rings at the same time.
Your skin changes colour to match your surroundings (Stealth+).
Your rubbery body absorbs attacks. (AC +1, EV +1)
((You are camouflaged near water. (Stealth+)))
You have tentacles for arms and can constrict up to eight enemies at once.


Message History

Your crimson imp hits the spriggan.
Unknown command.
The wolf barely misses your crimson imp.
Your crimson imp closely misses the wolf.
The spriggan barely misses your crimson imp.
The wolf closely misses your crimson imp.
The black bear barely misses your crimson imp.
The black bear claws your crimson imp but does no damage. x2
Your crimson imp misses the spriggan.
The wolf bites your crimson imp.
Your crimson imp hits the black bear.
The spriggan hits your crimson imp with a +0 dagger!
Your crimson imp dies!
Your crimson imp barely misses the black bear.
Your crimson imp blinks!
Unknown command.
You barely miss the black bear. You grab the black bear.
You squeeze the black bear.
The black bear is moderately wounded.
You hit the wolf. You constrict the black bear.
The wolf bites you but does no damage. The black bear bites you.
The black bear claws you. The black bear closely misses you.
The spriggan misses you. The wolf barely misses you.
You slash the black bear!
The black bear is severely wounded.
You miss the spriggan. You hit the wolf. You constrict the black bear.
The wolf bites you.
The black bear struggles to escape constriction.
The spriggan misses you. The wolf closely misses you.
Your crimson imp hits the black bear.
The spriggan hits you with a +0 dagger. The wolf closely misses you.
The black bear barely misses you.
The black bear claws you but does no damage.
The black bear claws you.
Your crimson imp blinks! x2
You completely miss the black bear. You squeeze the black bear.
You kill the black bear!
Sif Muna accepts your kill.
You hit the wolf. You barely miss the spriggan. The wolf bites you.
The wolf misses you. The spriggan hits you with a +0 dagger!
Ouch! That really hurt!
You die...

▓▓▓▓▓▓▓▓▓▓▓▓▓▓▓▓▓▓▓
▓.8©8.▓.8©8.▓.8©8.▓
▓.}}}.▓.).|.▓.....▓
▓..|..▓.....▓.[.:.▓
▓..§5.▓.....▓.....▓
▓..h.5▓.....▓..÷..▓
▓.h†i.▓..÷..▓..©..▓
▓..@..▓..©..▓▓▓▓▓▓▓
▓▓▓▓▓▓▓▓▓▓▓▓▓


You could see a black bear (ally target), a spriggan (ally target), a wolf and 2
friendly crimson imps.

Vanquished Creatures
  A black bear (D)
  A river rat (D)
  A jackal (D)
3 creatures vanquished.

Vanquished Creatures (collateral kills)
  An iguana (D)
  An adder (D)
  A ball python (D)
3 creatures vanquished.

Grand Total: 6 creatures vanquished

Notes
Turn   | Place    | Note
-------+----------+-------------------------------------------
     0 | D        | Zeld the Octopode Summoner began the quest for the Orb.
     0 | D        | Reached XP level 1. HP: 11/11 MP: 3/3
     0 | D        | Found a blossoming altar of Fedhas.
     1 | D        | Found the +6 Majin-Bo {vamp, MP+6 Int+6}
     1 | D        | Found the +9 heavy crossbow "Sniper" {vorpal, Acc+∞ SInv}
     1 | D        | Found the +10 dark maul {vorpal}
     1 | D        | Found the +15 Maxwell's patent armour {-Cast -Tele rElec
                  | Will+ rCorr}
     1 | D        | Found the +18 shield of the Gong {rElec rN+ Will+ EV-5}
     1 | D        | Found the +14 obsidian axe {vorpal, Drain Fly SInv}
     1 | D        | Found the +7 great mace "Firestarter" {inner flame, rF++}
     1 | D        | Found the +6 shillelagh "Devastator" {shatter}
     1 | D        | Found the +11 plutonium sword {Contam Stlth-}
     1 | D        | Found the +8 lance "Wyrmbane" {slay drac, rPois rF+ rC+
                  | AC+3}
     1 | D        | Found the +9 sword of Zonguldrok {reap}
     1 | D        | Found the +13 scythe of Curses {drain, Drain}
     1 | D        | Found the +5 sword of Power {vorpal}
     1 | D        | Found the +7 mace of Variability {chain chaos}
     1 | D        | Found the +7 Singing Sword {vorpal, sonic wave}
     1 | D        | Found the +8 storm bow {elec, penet}
     6 | D        | Found a transporter.
     6 | D        | Found a viscous altar of Jiyva.
     6 | D        | Found an ancient bone altar of Kikubaaqudgha.
     6 | D        | Found a hazy altar of Hepliaklqana.
     6 | D        | Found a corrupted altar of Lugonu.
     6 | D        | Found an opulent altar of Gozag.
     6 | D        | Found a burning altar of Makhleb.
     7 | D        | Found a sacrificial altar of Ru.
     7 | D        | Found a shimmering blue altar of Sif Muna.
     7 | D        | Found a stormy altar of Qazlal.
     7 | D        | Found a bloodstained altar of Trog.
     7 | D        | Found an iron altar of Okawaru.
     7 | D        | Found a sparkling altar of Nemelex Xobeh.
    39 | D        | Became a worshipper of Sif Muna the Loreminder
    40 | D        | Reached skill level 7 in Summonings
    40 | D        | Reached XP level 2. HP: 17/17 MP: 4/7
    71 | D        | Learned a level 2 spell: Call Imp
   148 | D        | Entered arena 2.
   148 | D        | Found a transporter.
   397 | D        | Entered arena 3.
   397 | D        | Found a transporter.
   402 | D        | Reached * piety under Sif Muna
   404 | D        | Reached skill level 1 in Fighting
   405 | D        | Reached XP level 3. HP: 23/23 MP: 2/9
   409 | D        | Learned a level 3 spell: Call Canine Familiar
   796 | D        | Entered arena 4.
   796 | D        | Noticed a black bear
   796 | D        | Noticed a black bear
   796 | D        | Noticed a spriggan
   796 | D        | Noticed a wolf
   796 | D        | Found a transporter.
   807 | D        | Killed a black bear
   807 | D        | Slain by a spriggan

Illustrated notes

Levels and vault maps discovered:
D:        sprint_v [room_start, room_1, room_2, room_3, room_4, room_5, room_6,
          room_7, room_8, room_9, room_10, room_11, room_12, room_13, room_14,
          room_15, room_16, room_17, room_18, room_19, room_20, room_21,
          room_22, room_23, room_24, room_25, room_26, room_27]

Skill      XL: |  1  2 |
---------------+-------+-----
Spellcasting   | 4 |  4.6
Summonings     | 7 |  7.8
Fighting       | 1 |  1.5
Dodging        | |  2.7
Stealth        | |  2.6

Action                   || total
-------------------------++-------
Melee: Broad axe         ||     9
       Tentacles         ||     6
       Constrict         ||     3
 Cast: Summon Small Mamm ||     6
       Call Imp          ||     7
  Use: Potion            ||     1
Armor: Skin              ||     2
Dodge: Dodged            ||    16

Table legend: (Time is in decaauts)
 A = Elapsed time spent in this place.
 B = Non-inter-level travel time spent in this place.
 C = Inter-level travel time spent in this place.
 D = Time resting spent in this place.
 E = Time spent auto-exploring this place.
 F = Levels seen in this place.
 G = Mean time per level.
                   A        B        C        D        E       F      G
               +--------+--------+--------+--------+--------+-----+--------+
         Total |    807 |    807 |      0 |    687 |      0 |   1 |  807.0 |
       Dungeon |    807 |    807 |      0 |    687 |      0 |   1 |  807.0 |
               +--------+--------+--------+--------+--------+-----+--------+

Top non-repeatable levels by time:
       D: 807 daAuts
